 Dungeon Crawl Stone Soup version 0.28-a0-1518-gbe868bca14 (webtiles) character file.

Game seed: 8312355797464359028

186 knot the Chopper (level 5, 19/41 HPs)
             Began as a Demonspawn Berserker on Jan 17, 2022.
             Was a Follower of Trog.
             Quit the game on level 3 of the Dungeon.
             The game lasted 00:04:11 (3162 turns).

knot the Chopper (Demonspawn Berserker)             Turns: 3162, Time: 00:04:12

Health: 19/41      AC:  3    Str: 18    XL:     5   Next: 38%
Magic:  4/4        EV: 14    Int:  6    God:    Trog [*.....]
Gold:   108        SH:  0    Dex: 17    Spells: 4/4 levels left

rFire   + . .      SeeInvis .   p - +0 war axe of Oddown {antimagic, rF+ Int-4 Dex+5 Stlth+}
rCold   . . .      Faith    .   (no shield)
rNeg    . . .      Spirit   .   b - +0 animal skin
rPois   .          Reflect  .   (no helmet)
rElec   .          Harm     .   n - scarf {repulsion}
rCorr   .          Rampage  .   (no gloves)
Will    .....                   k - +0 pair of boots
Stlth   +++.......              d - amulet of the acrobat
HPRegen 0.13/turn               o - ring of magical power
MPRegen 0.18/turn               (no ring)

@: repel missiles
A: claws 1, repulsion field 1, magic regeneration
a: Renounce Religion, Berserk


You were on level 3 of the Dungeon.
You worshipped Trog.
Trog was aware of your devotion.
You visited 1 branch of the dungeon, and saw 3 of its levels.

You collected 108 gold pieces.

Inventory:

Hand Weapons
 a - a +0 hand axe
 e - a +3 dagger of venom
 p - the +0 war axe of Oddown (weapon) {antimagic, rF+ Int-4 Dex+5 Stlth+}
   (You found it on level 2 of the Dungeon)

   It reduces the magical energy of the wielder, and disrupts the spells and
   magical abilities of those it strikes.
   Natural abilities and divine invocations are not affected.
   Int:       It affects your intelligence (-4).
   Dex:       It affects your dexterity (+5).
   rF:        It protects you from fire.
   Stlth:     It makes you more stealthy.
Missiles
 c - 64 stones (quivered)
 f - 65 sling bullets
Armour
 b - a +0 animal skin (worn)
 k - a +0 pair of boots (worn)
 n - a scarf of repulsion (worn)
Jewellery
 d - an amulet of the acrobat (around neck)
 o - a ring of magical power (left claw)
Scrolls
 g - a scroll of amnesia {unknown}
 i - a scroll of enchant weapon {unknown}
 l - a scroll of fear {unknown}
Potions
 h - a potion of degeneration {unknown}
 j - a potion of cancellation
 m - a potion of attraction {unknown}


   Skills:
 - Level 3.0 Fighting
 * Level 5.4 Axes
 * Level 1.2 Throwing
 - Level 1.7 Armour
 - Level 1.7 Dodging


You had 4 spell levels left.
You didn't know any spells.
Your spell library contained the following spells:

 Spells                   Type           Power      Damage    Failure   Level
 Slow                     Hex            0%         N/A       45%         1


Dungeon Overview and Level Annotations

Branches:
Dungeon (3/15)

Altars:
Xom

Shops:
D:1 *(


Innate Abilities, Weirdness & Mutations

You have sharp fingernails.
You are surrounded by a mild repulsion field. (EV +2)
You regenerate magic rapidly.


Message History

A quokka is nearby!
You slash the quokka!
You kill the quokka!
Trog accepts your kill.
No target in view!
No target in view!
No target in view!
You now have 108 gold pieces (gained 13).
Found a stone staircase leading up.
A kobold and a scorpion come into view.
There are monsters nearby!
You closely miss the scorpion. You claw the scorpion.
The scorpion is lightly wounded.
The scorpion misses you.
You hit the scorpion.
The scorpion is lightly wounded.
The scorpion stings you. x2
You slash the scorpion! Your claw misses the scorpion.
The scorpion is severely wounded.
The scorpion closely misses you. The scorpion misses you.
You closely miss the scorpion.
The scorpion is severely wounded.
The scorpion stings you!
You are too injured to fight recklessly!
You are too injured to fight recklessly!
You closely miss the scorpion.
The scorpion is severely wounded.
The scorpion barely misses you.
The scorpion stings you but does no damage.
You hit the scorpion.
The scorpion is severely wounded.
The scorpion stings you but does no damage.
You hit the scorpion.
You kill the scorpion!
Trog accepts your kill.
Your Throwing skill increases to level 1!
You have reached level 5!
Your demonic ancestry asserts itself...
You begin to radiate repulsive energy.
Are you sure you want to abandon this character and quit the game? (Confirm with "yes".)

.####.......#.#
#.....†...#....#
#..###.........#
##.. ####.#..#.#
...#####.....#.#
....<............
#.#.#)....######
..##.#..........K
P......@.....####
P...............
.............###
P......$.....#
P............#
P............#
P............#
.............#


There were no monsters in sight!

Vanquished Creatures
  A scorpion (D:3)
  Natasha (twice) (D:2)
  3 gnolls (D:2)
  An adder (D:2)
  A dart slug (D:1)
  4 endoplasms
  6 goblins
  3 hobgoblins
  3 jackals (D:1)
  A quokka (D:3)
  3 ball pythons
  5 bats
  5 kobolds
  4 rats (D:1)
42 creatures vanquished.

Vanquished Creatures (others)
  3 plants
3 creatures vanquished.

Grand Total: 45 creatures vanquished

Notes
Turn   | Place    | Note
-------+----------+-------------------------------------------
     0 | D:1      | knot the Demonspawn Berserker began the quest for the Orb.
     0 | D:1      | Reached XP level 1. HP: 18/18 MP: 1/1
    17 | D:1      | Found a faded altar of an unknown god.
    36 | D:1      | Got Plato's Guide on Malediction
    54 | D:1      | Reached skill level 3 in Axes
   463 | D:1      | Gained mutation: You have sharp fingernails. [demonic
                  | ancestry]
   463 | D:1      | Reached XP level 2. HP: 22/24 MP: 2/2
   993 | D:1      | Found Soitour's Antique Weapon Shop.
  1142 | D:1      | Found Lohyk's Assorted Antiques.
  1468 | D:2      | Reached skill level 4 in Axes
  1468 | D:2      | Gained mutation: You regenerate magic rapidly. [demonic
                  | ancestry]
  1468 | D:2      | Reached XP level 3. HP: 17/29 MP: 3/3
  2182 | D:2      | Found a shimmering altar of Xom.
  2284 | D:2      | Reached XP level 4. HP: 35/35 MP: 4/4
  2304 | D:2      | Noticed Natasha
  2317 | D:2      | Killed Natasha
  2518 | D:2      | Identified the +0 war axe of Oddown {antimagic, rF+ Int-4
                  | Dex+5 Stlth+}
  2563 | D:2      | Noticed Natasha
  2582 | D:2      | Killed Natasha
  2583 | D:2      | Reached skill level 5 in Axes
  3152 | D:3      | Noticed a scorpion
  3161 | D:3      | Killed a scorpion
  3162 | D:3      | Reached skill level 1 in Throwing
  3162 | D:3      | Gained mutation: You are surrounded by a mild repulsion
                  | field. (EV +2) [demonic ancestry]
  3162 | D:3      | Reached XP level 5. HP: 19/41 MP: 4/5
  3162 | D:3      | Quit the game

Illustrated notes

Levels and vault maps discovered:
D:1:      dpeg_arrival_tiny_d, layout_basic,
          shapermc_ecumenical_altar_rom_forum, serial_shops, shop,
          nicolae_shop_behind_doors, bh_walls_and_bars
D:2:      layout_basic, basic_altar, due_unseen_surprise, uniq_natasha
D:3:      layout_basic, trog_wizard, nicolae_wu_jian_wuxing_cycle,
          mainiacjoe_overflow_cross_hatched

Skill      XL: |  1  2  3  4 |
---------------+-------------+-----
Axes           | 3 4 5 |  5.4
Throwing       | 1 |  1.2
Fighting       | |  3.0
Armour         | |  1.7
Dodging        | |  1.7

Action                   |  1- 3 |  4- 6 || total
-------------------------+-------+-------++-------
Melee: Hand axe          |    93 |    26 ||   119
       Punch             |     1 |     1 ||     2
       War axe           |       |    12 ||    12
Invok: Berserk           |     2 |     2 ||     4
  Use: Potion            |     1 |       ||     1
 Stab: Sleeping          |     1 |     2 ||     3
Armor: Animal skin       |    16 |     5 ||    21
Dodge: Dodged            |    81 |    24 ||   105

Table legend: (Time is in decaauts)
 A = Elapsed time spent in this place.
 B = Non-inter-level travel time spent in this place.
 C = Inter-level travel time spent in this place.
 D = Time resting spent in this place.
 E = Time spent auto-exploring this place.
 F = Levels seen in this place.
 G = Mean time per level.
                   A        B        C        D        E       F      G
               +--------+--------+--------+--------+--------+-----+--------+
         Total |   3203 |   3072 |    131 |   1242 |   1431 |   3 | 1067.7 |
       Dungeon |   3203 |   3072 |    131 |   1242 |   1431 |   3 | 1067.7 |
               +--------+--------+--------+--------+--------+-----+--------+

Top non-repeatable levels by time:
     D:2: 1886 daAuts
     D:1: 1286 daAuts
     D:3: 30 daAuts
